 Dungeon Crawl Stone Soup version 0.26-a0-1191-ge2a0e31ab3 (webtiles) character file.

Game seed: 17505555855808366735

402 vvl the Ruffian (level 6, -5/47 HPs)
             Began as a Draconian Transmuter on Dec 28, 2020.
             Slain by an ogre
             ... wielding a +0 giant club
              (23 damage)
             ... on level 4 of the Dungeon.
             The game lasted 00:05:53 (3130 turns).

vvl the Ruffian (Draconian Transmuter)              Turns: 3130, Time: 00:05:54

Health: -5/47      AC:  7    Str: 14    XL:     6   Next: 55%
Magic:  9/9        EV: 12    Int: 13    God:
Gold:   181        SH:  0    Dex: 12    Spells: 8/9 levels left

rFire    . . .     SeeInvis .   c - +2 short sword (elec)
rCold    . . .     Faith    .   (no shield)
rNeg     . . .     Spirit   .   (armour unavailable)
rPois    .         Reflect  .   j - +1 hat
rElec    .         Harm     .   (no cloak)
rCorr    .         Rampage  .   (no gloves)
Will     .....                  (no boots)
Stlth    +.........             (no amulet)
HPRegen  0.15/turn              (no ring)
MPRegen  0.11/turn              (no ring)

@: no status effects
A: unfitting armour, cold-blooded, AC +6
a: no special abilities


You were on level 4 of the Dungeon.
You visited 1 branch of the dungeon, and saw 4 of its levels.

You collected 181 gold pieces.

Inventory:

Hand Weapons
 c - a +2 short sword of electrocution (weapon)
Armour
 j - a +1 hat (worn)
Scrolls
 a - a scroll of enchant armour {unknown}
 d - 9 scrolls of identify {unknown}
 f - 2 scrolls of teleportation {unknown}
 g - 2 scrolls of blinking {unknown}
 h - a scroll of remove curse {unknown}
Potions
 b - a potion of curing
 e - a potion of lignification {unknown}
 i - a potion of heal wounds {unknown}


   Skills:
 - Level 1.1 Fighting
 - Level 1.7 Dodging
 * Level 5.2 Unarmed Combat
 - Level 2.0 Spellcasting
 * Level 4.6 Transmutations
 + Level 3.0 Invocations


You had 8 spell levels left.
You knew the following spells:

 Your Spells              Type           Power        Failure   Level
a - Beastly Appendage     Tmut           26%          3%          1

Your spell library contained the following spells:

 Spells                   Type           Power        Failure   Level
 Wereblood                Tmut           13%          6%          2
 Magic Dart               Conj           4%           26%         1
 Spider Form              Tmut/Pois      3%           30%         3
 Blink                    Tloc           N/A          36%         2
 Call Imp                 Summ           1%           36%         2
 Slow                     Hex            1%           36%         2
 Confusing Touch          Hex            1%           58%         3
 Conjure Flame            Conj/Fire      1%           58%         3
 Gell's Gravitas          Tloc           0%           58%         3
 Mephitic Cloud           Conj/Pois/Air  1%           58%         3
 Ice Form                 Ice/Tmut       7%           69%         4
 Petrify                  Tmut/Erth      7%           69%         4
 Blade Hands              Tmut           6%           71%         5
 Yara's Violent Unravell  Hex/Tmut       3%           95%         5
 Metabolic Englaciation   Hex/Ice        0%           100%        5


Dungeon Overview and Level Annotations

Branches:
Dungeon (4/15)
 Temple: D:4-7

Altars:
Ashenzari

Annotations:
D:4 Dowan


Innate Abilities, Weirdness & Mutations

Your plain brown scales are hard. (AC +6)
You cannot fit into any form of body armour.
You are cold-blooded and may be slowed by cold attacks.


Message History

Duvessa hits you but does no damage.
You hit the ogre.
The ogre is lightly wounded.
The ogre hits you with a +0 giant club!
* * * LOW HITPOINT WARNING * * *
It was a potion of curing.
You feel better. Duvessa hits you but does no damage.
You hit Duvessa. Lightning courses through Duvessa!
You kill Duvessa!
Dowan's eyes darken. "You have made a black mistake."
Dowan seems to find hidden reserves of power!
The ogre barely misses you.
Your Invocations skill increases to level 3!
Dowan zaps a wand.
You resist with some effort.
You hit the ogre.
The ogre is lightly wounded.
Dowan casts a spell.
Dowan blinks!
The ogre hits you with a +0 giant club!!
You die...

.... #...## ### ....
#....###### #.##
....###...###...####..#
....#....w...w..##....#
........###..#.).#....#
...#.#..# ####........#
## ####..# #.......##
..... ###.O§..##
#....##.##@....#
...........##.e# ###
....#..........###.#####
...####.....#..........#
#...#............##.
...###...##..........
... ##.####.†.......
.... ##.# #......##.
.....#..# #####..#


You could see an ogre, Dowan (fast) and a worm.

Vanquished Creatures
  Duvessa (D:4)
  An ogre (D:4)
  3 hounds (D:4)
  A worker ant (D:4)
  4 adders
  2 worms (D:2)
  A dart slug (D:1)
  A leopard gecko (D:2)
  6 orcs (D:3)
  8 bats
  3 giant cockroaches
  5 goblins
  3 hobgoblins
  3 jackals (D:2)
  A quokka (D:4)
  3 ball pythons
  2 frilled lizards (D:2)
  8 kobolds
  2 quokka skeletons (D:4)
  8 rats
66 creatures vanquished.

Vanquished Creatures (others)
  6 fungi (D:4)
  3 toadstools (D:4)
9 creatures vanquished.

Grand Total: 75 creatures vanquished

Notes
Turn   | Place    | Note
-------+----------+-------------------------------------------
     0 | D:1      | vvl the Draconian Transmuter began the quest for the Orb.
     0 | D:1      | Reached XP level 1. HP: 16/16 MP: 3/3
   397 | D:1      | Reached XP level 2. HP: 23/23 MP: 5/5
   705 | D:1      | Found a broken altar of Ashenzari.
  1039 | D:1      | Reached skill level 1 in Invocations
  1346 | D:2      | Reached XP level 3. HP: 7/28 MP: 4/6
  2494 | D:3      | Reached XP level 4. HP: 35/35 MP: 7/7
  2593 | D:3      | Reached skill level 4 in Unarmed Combat
  2876 | D:4      | Noticed an ogre
  2881 | D:4      | Killed an ogre
  2882 | D:4      | Reached XP level 5. HP: 28/40 MP: 8/8
  3096 | D:4      | Noticed Dowan
  3097 | D:4      | Noticed Duvessa
  3105 | D:4      | Reached XP level 6. HP: 41/47 MP: 9/9
  3107 | D:4      | Reached skill level 5 in Unarmed Combat
  3126 | D:4      | Killed Duvessa
  3130 | D:4      | Slain by an ogre

Illustrated notes

Levels and vault maps discovered:
D:1:      matt_arrival_los_fun, layout_basic, evilmike_ruin_ashenzari
D:2:      layout_basic, minmay_misc_feat_plants, kennysheep_generic_room_8
D:3:      layout_rooms
D:4:      layout_cave_pools, st_stairs_13, minmay_gold_behind_fungi, uniq_robin,
          uniq_duvessa, uniq_natasha

Skill      XL: |  1  2  3  4  5  6 |
---------------+-------------------+-----
Invocations    | 1 2 3 |  3.0
Transmutations | 3 4 |  4.6
Unarmed Combat | 4 5 |  5.2
Fighting       | |  1.1
Dodging        | |  1.7
Spellcasting   | |  2.0

Action                   |  1- 3 |  4- 6 || total
-------------------------+-------+-------++-------
Melee: Unarmed           |    37 |       ||    37
       Tailslap          |     7 |     4 ||    11
       Short sword       |    89 |    47 ||   136
       Punch             |     1 |     1 ||     2
       Headbutt          |     1 |       ||     1
       Kick              |     4 |       ||     4
 Cast: Beastly Appendage |     2 |       ||     2
  Use: Potion            |       |     1 ||     1
 Stab: Sleeping          |     3 |     2 ||     5
Armor: Skin              |    50 |    15 ||    65
Dodge: Dodged            |   107 |    20 ||   127

Table legend: (Time is in decaauts)
 A = Elapsed time spent in this place.
 B = Non-inter-level travel time spent in this place.
 C = Inter-level travel time spent in this place.
 D = Time resting spent in this place.
 E = Time spent auto-exploring this place.
 F = Levels seen in this place.
 G = Mean time per level.
                   A        B        C        D        E       F      G
               +--------+--------+--------+--------+--------+-----+--------+
         Total |   3140 |   3097 |     43 |      0 |   2695 |   4 |  785.0 |
       Dungeon |   3140 |   3097 |     43 |      0 |   2695 |   4 |  785.0 |
               +--------+--------+--------+--------+--------+-----+--------+

Top non-repeatable levels by time:
     D:1: 1245 daAuts
     D:2: 1173 daAuts
     D:3: 459 daAuts
     D:4: 262 daAuts
